PAA
MINNESOTA LOONS @ CASPER GHOSTS
06/24/2025
 
TOP OF THE 1ST
Minnesota Loons batting - Pitching for Casper Ghosts : RHP Jeremy de Vos
Pitching: RHP Jeremy de Vos
Batting: RHB Dave Stockman 0-0: Foul Ball, location: 2F
0-1: Foul Ball, location: 2F
0-2: Ball
1-2: Foul Ball, location: 2F
1-2: Ball
2-2: Foul Ball, location: 2F
2-2: Foul Ball, location: 2F
2-2: Fly out, F8 (Line Drive, 8RM)
Batting: RHB Salvador Esparza 0-0: Ball
1-0: Foul Ball, location: 2F
1-1: Ball
2-1: SINGLE (Line Drive, 56)
Batting: RHB Gonzalo Sánchez 0-0: Ball
1-0: Fly out, F8 (Flyball, 89M)
Batting: RHB Ieyoshi Yamamoto 0-0: Called Strike
Salvador Esparza steals 2nd base
0-1: SINGLE (Line Drive, 6D)
Salvador Esparza to third
Batting: LHB José León 0-0: Swinging Strike
Balk!
Salvador Esparza scores
Ieyoshi Yamamoto to second
0-1: Called Strike
0-2: Foul Ball, location: 2F
0-2: Ball
1-2: Foul Ball, location: 2F
1-2: Ball
2-2: Ball
3-2: SINGLE (Line Drive, 34D)
Ieyoshi Yamamoto to third
Ieyoshi Yamamoto scores
Batting: RHB Bass Reeves 0-0: Ball
Wild Pitch!
José León to second
1-0: Swinging Strike
1-1: Called Strike
1-2: Fly out, F8 (Flyball, 8LM)
Top of the 1st over - 2 run(s), 3 hit(s), 0 error(s), 1 left on base; Minnesota 2 - Casper 0
BOTTOM OF THE 1ST
Casper Ghosts batting - Pitching for Minnesota Loons : RHP Jesús Hernández
Pitching: RHP Jesús Hernández
Batting: RHB Henry Appleby 0-0: Ball
1-0: Called Strike
1-1: Called Strike
1-2: Strikes out looking
Batting: LHB Kyle Mann 0-0: Called Strike
0-1: Fly out, F6 (Popup, 6MS)
Batting: RHB Ricardo Cardenas 0-0: Called Strike
0-1: Foul Ball, location: 2F
0-2: Ball
1-2: Fly out, F9 (Flyball, 89XD)
Bottom of the 1st over - 0 run(s), 0 hit(s), 0 error(s), 0 left on base; Minnesota 2 - Casper 0
TOP OF THE 2ND
Minnesota Loons batting - Pitching for Casper Ghosts : RHP Jeremy de Vos
Batting: RHB Miguel Rosales 0-0: Foul Ball, location: 2F
0-1: Ball
1-1: Foul Ball, location: 2F
1-2: SINGLE (Groundball, 6MD)
Batting: LHB Andrew Palmer 0-0: Called Strike
0-1: Ball
1-1: Fly out, F3 (Popup, 3L)
Batting: LHB Chad Graves 0-0: Called Strike
0-1: Grounds into double play, 4-6-3 (Groundball, 4)
Top of the 2nd over - 0 run(s), 1 hit(s), 0 error(s), 0 left on base; Minnesota 2 - Casper 0
BOTTOM OF THE 2ND
Casper Ghosts batting - Pitching for Minnesota Loons : RHP Jesús Hernández
Batting: RHB Manny Maltby 0-0: Foul Ball, location: 2F
0-1: Ball
1-1: Ball
2-1: Ball
3-1: Swinging Strike
3-2: Base on Balls
Batting: SHB José Juárez 0-0: Ball
1-0: Grounds into double play, 4-6-3 (Groundball, 4M)
Batting: RHB Félix Ramos 0-0: Called Strike
0-1: Ball
1-1: Called Strike
1-2: Strikes out looking
Bottom of the 2nd over - 0 run(s), 0 hit(s), 0 error(s), 0 left on base; Minnesota 2 - Casper 0
TOP OF THE 3RD
Minnesota Loons batting - Pitching for Casper Ghosts : RHP Jeremy de Vos
Batting: RHB Dave Stockman 0-0: Called Strike
0-1: Called Strike
0-2: Ball
1-2: Foul Ball, location: 2F
1-2: SINGLE (Line Drive, 8LM)
Batting: RHB Salvador Esparza 0-0: Ball
1-0: Fly out, F6 (Popup, 6D)
Batting: RHB Gonzalo Sánchez 0-0: Ball
1-0: Ball
2-0: Ball
3-0: Called Strike
3-1: Foul Ball, location: 2F
3-2: Base on Balls
Dave Stockman to second
Batting: RHB Ieyoshi Yamamoto 0-0: Called Strike
0-1: Called Strike
0-2: Strikes out swinging
Batting: LHB José León 0-0: Swinging Strike
0-1: Called Strike
0-2: Foul Ball, location: 2F
0-2: Foul Ball, location: 2F
0-2: Ball
1-2: SINGLE (Groundball, 6M) (infield hit)
Dave Stockman to third
Gonzalo Sánchez to second
Batting: RHB Bass Reeves 0-0: Called Strike
0-1: Fly out, F8 (Flyball, 89S)
Top of the 3rd over - 0 run(s), 2 hit(s), 0 error(s), 3 left on base; Minnesota 2 - Casper 0
BOTTOM OF THE 3RD
Casper Ghosts batting - Pitching for Minnesota Loons : RHP Jesús Hernández
Batting: RHB Dave Young 0-0: Ball
1-0: Ball
2-0: Ground out 4-3 (Groundball, 4)
Batting: RHB Juan Carlos Cruz 0-0: Foul Ball, location: 2F
0-1: Ball
1-1: Ball
2-1: Fly out, F4 (Line Drive, 4)
Batting: RHB Ron Coffman 0-0: Called Strike
0-1: Fly out, F2 (Popup, 5S)
Bottom of the 3rd over - 0 run(s), 0 hit(s), 0 error(s), 0 left on base; Minnesota 2 - Casper 0
TOP OF THE 4TH
Minnesota Loons batting - Pitching for Casper Ghosts : RHP Jeremy de Vos
Batting: RHB Miguel Rosales 0-0: Foul Ball, location: 2F
0-1: Foul Ball, location: 2F
0-2: Strikes out swinging
Batting: LHB Andrew Palmer 0-0: Ball
1-0: Ball
2-0: Ball
3-0: Base on Balls
Batting: LHB Chad Graves 0-0: Ball
1-0: Called Strike
1-1: SINGLE (Line Drive, 4M)
Andrew Palmer to second
Runner from 2nd tries for 3rd, SAFE, throw made to third
Chad Graves to second
Batting: RHB Dave Stockman 0-0: Ball
1-0: Ball
2-0: Ball
3-0: Called Strike
3-1: Called Strike
3-2: Fly out, F9 (Flyball, 9S)
Batting: RHB Salvador Esparza 0-0: Ball
1-0: SINGLE (Flyball, 89S)
Andrew Palmer scores
Chad Graves to third
Runner from 3rd tries for Home, SAFE, no throw
Batting: RHB Gonzalo Sánchez 0-0: Ball
Salvador Esparza steals 2nd base
1-0: Called Strike
1-1: Called Strike
1-2: Ball
2-2: Ball
3-2: Foul Ball, location: 2F
3-2: Fly out, F8 (Flyball, 8RM)
Top of the 4th over - 2 run(s), 2 hit(s), 0 error(s), 1 left on base; Minnesota 4 - Casper 0
BOTTOM OF THE 4TH
Casper Ghosts batting - Pitching for Minnesota Loons : RHP Jesús Hernández
Batting: RHB Henry Appleby 0-0: Called Strike
0-1: Ball
1-1: Ball
2-1: Foul Ball, location: 2F
2-2: Ground out 4-3 (Groundball, 4)
Batting: LHB Kyle Mann 0-0: Called Strike
0-1: Ball
1-1: Ball
2-1: Foul Ball, location: 2F
2-2: Ball
3-2: SINGLE (Groundball, 4MD)
Batting: RHB Ricardo Cardenas 0-0: Ball
1-0: Ball
2-0: Foul Ball, location: 2F
2-1: Ball
3-1: Foul Ball, location: 2F
3-2: Strikes out looking
Batting: RHB Manny Maltby 0-0: Called Strike
0-1: Ball
1-1: Ball
Kyle Mann steals 2nd base
2-1: Ball
3-1: Swinging Strike
3-2: Foul Ball, location: 2F
3-2: Foul Ball, location: 2F
3-2: Foul Ball, location: 2F
3-2: Foul Ball, location: 2F
3-2: Base on Balls
Batting: SHB José Juárez 0-0: Ball
1-0: SINGLE (Groundball, 56D)
Kyle Mann to third
Manny Maltby to second
Runner from 3rd tries for Home, SAFE, no throw
Batting: RHB Félix Ramos 0-0: Foul Ball, location: 2F
0-1: Ball
1-1: Called Strike
1-2: Foul Ball, location: 2F
1-2: Ball
2-2: Fly out, F4 (Line Drive, 4M)
Bottom of the 4th over - 1 run(s), 2 hit(s), 0 error(s), 2 left on base; Minnesota 4 - Casper 1
TOP OF THE 5TH
Minnesota Loons batting - Pitching for Casper Ghosts : RHP Jeremy de Vos
Batting: RHB Ieyoshi Yamamoto 0-0: Called Strike
0-1: Ball
1-1: Ball
2-1: Ground out 5-3 (Groundball, 56S)
Batting: LHB José León 0-0: Ball
1-0: Called Strike
1-1: Foul Ball, location: 2F
1-2: Foul Ball, location: 2F
1-2: DOUBLE (Line Drive, 8RD)
Batting: RHB Bass Reeves 0-0: Swinging Strike
0-1: SINGLE (Groundball, 6MD)
José León to third
Runner from 3rd tries for Home, SAFE, no throw
Batting: RHB Miguel Rosales 0-0: Ground out 4-3 (Groundball, 4S)
Bass Reeves to second
Batting: LHB Andrew Palmer 0-0: Ball
1-0: Ball
2-0: SINGLE (Line Drive, 9LS)
Bass Reeves to third
Batting: LHB Chad Graves 0-0: Ground out 3-1 (Groundball, 3)
Top of the 5th over - 1 run(s), 3 hit(s), 0 error(s), 2 left on base; Minnesota 5 - Casper 1
BOTTOM OF THE 5TH
Casper Ghosts batting - Pitching for Minnesota Loons : RHP Jesús Hernández
Batting: RHB Dave Young 0-0: Called Strike
0-1: Ground out 4-3 (Groundball, 4MS)
Batting: RHB Juan Carlos Cruz 0-0: Ball
1-0: Fly out, F3 (Line Drive, 34)
Batting: RHB Ron Coffman 0-0: Ball
1-0: Foul Ball, location: 2F
1-1: Foul Ball, location: 2F
1-2: Foul Ball, location: 2F
1-2: Foul Ball, location: 2F
1-2: SINGLE (Groundball, 6D)
Batting: RHB Henry Appleby 0-0: Called Strike
0-1: Ball
1-1: Ground out 1-3 (Groundball, 13S)
Bottom of the 5th over - 0 run(s), 1 hit(s), 0 error(s), 1 left on base; Minnesota 5 - Casper 1
TOP OF THE 6TH
Minnesota Loons batting - Pitching for Casper Ghosts : RHP Jeremy de Vos
Batting: RHB Dave Stockman 0-0: Ball
1-0: Called Strike
1-1: Ball
2-1: Ball
3-1: Called Strike
3-2: SINGLE (Line Drive, 6)
Pitching: RHP Tadayoshi Tanaka
Batting: RHB Salvador Esparza 0-0: Sac Bunt - play at first, batter OUT! 1-3
Dave Stockman to second
Batting: RHB Gonzalo Sánchez 0-0: Ball
1-0: Ball
Wild Pitch!
Dave Stockman to third
2-0: Foul Ball, location: 2F
2-1: Foul Ball, location: 2F
2-2: Strikes out swinging
Batting: RHB Ieyoshi Yamamoto 0-0: Ball
1-0: Ball
2-0: Called Strike
2-1: Foul Ball, location: 2F
2-2: Ball
3-2: Foul Ball, location: 2F
3-2: Base on Balls
Batting: LHB José León 0-0: Ball
1-0: 3-RUN HOME RUN (Flyball, 89XD), Distance : 408 ft
Batting: RHB Bass Reeves 0-0: Ball
1-0: Ball
2-0: Foul Ball, location: 2F
2-1: Foul Ball, location: 2F
2-2: Fly out, F8 (Flyball, 89M)
Top of the 6th over - 3 run(s), 2 hit(s), 0 error(s), 0 left on base; Minnesota 8 - Casper 1
BOTTOM OF THE 6TH
Casper Ghosts batting - Pitching for Minnesota Loons : RHP Jesús Hernández
Batting: LHB Kyle Mann 0-0: Ground out 4-3 (Groundball, 4)
Batting: RHB Ricardo Cardenas 0-0: Swinging Strike
0-1: Ball
1-1: Foul Ball, location: 2F
1-2: Ball
2-2: Fly out, F8 (Flyball, 8LM)
Batting: RHB Manny Maltby 0-0: Foul Ball, location: 2F
0-1: Ball
1-1: Foul Ball, location: 2F
1-2: SINGLE (Groundball, 4D)
Batting: SHB José Juárez 0-0: Ball
Manny Maltby steals 2nd base
1-0: Fly out, F3 (Line Drive, 3L)
Bottom of the 6th over - 0 run(s), 1 hit(s), 0 error(s), 1 left on base; Minnesota 8 - Casper 1
TOP OF THE 7TH
Minnesota Loons batting - Pitching for Casper Ghosts : RHP Tadayoshi Tanaka
Batting: RHB Miguel Rosales 0-0: Called Strike
0-1: Ball
1-1: Ground out 6-3 (Groundball, 6)
Batting: LHB Andrew Palmer 0-0: Foul Ball, location: 2F
0-1: Foul Ball, location: 2F
0-2: Ball
1-2: Foul Ball, location: 2F
1-2: Ball
2-2: Ball
3-2: Strikes out swinging
Batting: LHB Chad Graves 0-0: Called Strike
0-1: Swinging Strike
0-2: Ball
1-2: Hit by Pitch
Batting: RHB Dave Stockman 0-0: Ball
1-0: Fly out, F8 (Flyball, 8LD)
Top of the 7th over - 0 run(s), 0 hit(s), 0 error(s), 1 left on base; Minnesota 8 - Casper 1
BOTTOM OF THE 7TH
Casper Ghosts batting - Pitching for Minnesota Loons : RHP Jesús Hernández
Batting: RHB Félix Ramos 0-0: Ball
1-0: Ground out 5-3 (Groundball, 56)
Batting: RHB Dave Young 0-0: Ball
1-0: Fly out, F9 (Flyball, 9)
Batting: RHB Juan Carlos Cruz 0-0: Foul Ball, location: 2F
0-1: Swinging Strike
0-2: Ball
1-2: Foul Ball, location: 2F
1-2: Ball
2-2: SINGLE (Line Drive, 4MD)
Pitching: LHP Ignacio Pérez
Batting: RHB Ron Coffman 0-0: Ball
1-0: Ball
2-0: Fly out, F8 (Flyball, 78M)
Bottom of the 7th over - 0 run(s), 1 hit(s), 0 error(s), 1 left on base; Minnesota 8 - Casper 1
TOP OF THE 8TH
Minnesota Loons batting - Pitching for Casper Ghosts : RHP Tadayoshi Tanaka
Pinch Hitting: LHB Aloísio Marreiros 0-0: Ball
1-0: Ball
2-0: Ball
3-0: Base on Balls
Batting: RHB Gonzalo Sánchez 0-0: Ball
1-0: Swinging Strike
1-1: Foul Ball, location: 2F
1-2: Strikes out swinging
Batting: RHB Ieyoshi Yamamoto 0-0: Ball
1-0: Foul Ball, location: 2F
1-1: Swinging Strike
1-2: Ball
2-2: Ground out 4-3 (Groundball, 34D)
Aloísio Marreiros to second
Batting: LHB José León 0-0: Ball
1-0: Ball
2-0: Ball
3-0: Base on Balls
Batting: RHB Bass Reeves 0-0: Ball
1-0: Swinging Strike
1-1: Foul Ball, location: 2F
1-2: Ball
2-2: Ball
3-2: SINGLE (Groundball, 4MD)
Aloísio Marreiros to third
José León to second
Aloísio Marreiros scores
José León to third
Batting: RHB Miguel Rosales 0-0: Fly out, F4 (Popup, 4M)
Top of the 8th over - 1 run(s), 1 hit(s), 0 error(s), 2 left on base; Minnesota 9 - Casper 1
BOTTOM OF THE 8TH
Casper Ghosts batting - Pitching for Minnesota Loons : LHP Ignacio Pérez
Now at 1B: Aloísio Marreiros
Batting: RHB Henry Appleby 0-0: Ball
1-0: Called Strike
1-1: Swinging Strike
1-2: Strikes out looking
Batting: LHB Kyle Mann 0-0: Ball
1-0: Called Strike
1-1: Ball
2-1: Ground out U3 (Groundball, 34)
Batting: RHB Ricardo Cardenas 0-0: Foul Ball, location: 2F
0-1: Called Strike
0-2: Ball
1-2: Strikes out swinging
Bottom of the 8th over - 0 run(s), 0 hit(s), 0 error(s), 0 left on base; Minnesota 9 - Casper 1
TOP OF THE 9TH
Minnesota Loons batting - Pitching for Casper Ghosts : RHP Tadayoshi Tanaka
Pitching: LHP Jim Unknown
Batting: LHB Andrew Palmer 0-0: Ball
1-0: Ball
2-0: Called Strike
2-1: Ball
3-1: SINGLE (Groundball, 4MD)
Batting: LHB Chad Graves 0-0: Called Strike
0-1: Ball
1-1: Called Strike
1-2: Fly out, F9 (Flyball, 9D)
Batting: RHB Dave Stockman 0-0: Ball
1-0: Called Strike
1-1: Called Strike
1-2: SINGLE (Line Drive, 6D)
Andrew Palmer to second
Batting: LHB Aloísio Marreiros 0-0: Ball
1-0: Ball
2-0: Fielders Choice at 2nd, 3-6 (Groundball, 34)
Andrew Palmer to third
Batting: RHB Gonzalo Sánchez 0-0: Called Strike
0-1: DOUBLE (Line Drive, 9LM)
Andrew Palmer scores
Aloísio Marreiros to third
Runner from 3rd tries for Home, SAFE, no throw
Batting: RHB Ieyoshi Yamamoto 0-0: Ball
1-0: Ball
2-0: Foul Ball, location: 2F
2-1: Foul Ball, location: 2F
2-2: Foul Ball, location: 2F
2-2: Ball
3-2: Ground out 5-3 (Groundball, 56)
Top of the 9th over - 2 run(s), 3 hit(s), 0 error(s), 1 left on base; Minnesota 11 - Casper 1
BOTTOM OF THE 9TH
Casper Ghosts batting - Pitching for Minnesota Loons : LHP Ignacio Pérez
Batting: RHB Manny Maltby 0-0: Ball
1-0: Ground out 6-3 (Groundball, 6)
Batting: SHB José Juárez 0-0: Foul Ball, location: 2F
0-1: Foul Ball, location: 2F
0-2: Strikes out looking
Pinch Hitting: RHB Freddy Carea 0-0: Called Strike
0-1: Foul Ball, location: 2F
0-2: Strikes out swinging
Bottom of the 9th over - 0 run(s), 0 hit(s), 0 error(s), 0 left on base; Minnesota 11 - Casper 1
Friday, December 30th, 2016 - OOTP Baseball 17.12 Build 75